Map: New Repugnancy LE

Players

gumiho

  • Race: Terran Terran
  • Spawn Location: 1:00

Reynor - Winner!

  • Race: Zerg Zerg
  • Spawn Location: 7:00

Event: IEM Season 13: Katowice (2019)

VOD

Have the link to the VOD?

Description

Time

  • Played on: Feb. 26, 2019, 8:32 a.m.
  • Length: 14:25

All games in this series

Show
View Real Time Build Order
Export as new Build Order

gumiho Terran 

Build Orders: Reaper Expand, Mech 

Get SALT Encoding   

  12  0:00  SCV  
  13  0:12  SCV  
  14  0:17  Supply Depot  
  14  0:24  SCV  
  15  0:38  SCV  
  15  0:39  Barracks  
  16  0:44  Refinery  
  16  0:50  SCV  
  17  1:02  SCV  
  18  1:14  SCV  
  19  1:27  Reaper, Orbital Command  
  20  1:39  Command Center  
  20  1:49  Supply Depot  
  20  1:52  SCV  
  21  1:59  Marine  
  22  2:04  SCV  
  22  2:08  Factory  
  23  2:11  Refinery  
  23  2:16  SCV  
  23  2:17  Marine  
  25  2:28  SCV  
  26  2:36  Barracks Reactor  
  26  2:40  SCV  
  27  2:51  Orbital Command  
  27  2:52  Hellion  
  27  2:53  SCV  
  27  2:54  Starport  
  30  3:05  SCV  
  31  3:15  Supply Depot  
  31  3:17  SCV x2  
  33  3:20  Barracks Tech Lab  
  33  3:22  Hellion x2  
  37  3:29  SCV x2  
  37  3:30  Viking  
  41  3:37  Supply Depot  
  43  3:41  SCV x2  
  43  3:51  Marine x2  
  43  3:52  Siege Tank  
  43  3:54  SCV x2  
  50  4:00  Medivac  
  52  4:07  Command Center  
  52  4:09  SCV x2  
  54  4:11  Marine  
  54  4:12  Marine  
  54  4:15  Supply Depot  
  56  4:21  SCV x2  
  58  4:27  Siege Tank  
  58  4:28  Supply Depot  
  62  4:36  SCV  
  62  4:37  SCV  
  63  4:39  Marine x2  
  63  4:41  Supply Depot  
  63  4:43  Armory  
  65  4:47  Starport Tech Lab, Refinery x2  
  65  4:48  SCV  
  65  4:49  SCV  
  67  4:57  Supply Depot, Marine x2  
  69  5:05  SCV x2  
  71  5:12  Banshee  
  74  5:19  Hellion  
  74  5:20  SCV x2, Hellion  
  80  5:21  Orbital Command  
  80  5:25  Factory  
  80  5:29  Factory  
  80  5:33  SCV x2  
  80  5:35  Barracks Reactor  
  80  5:37  Terran Vehicle And Ship Armor Level 1  
  80  5:41  Hellion x2  
  84  5:44  Orbital Command  
  84  5:45  SCV x2  
  83  5:57  SCV  
  83  5:59  Banshee  
  83  6:02  SCV, Hellion  
  83  6:04  Hellion  
  92  6:09  SCV  
  94  6:11  SCV  
  94  6:14  SCV  
  94  6:15  Cyclone  
  98  6:20  Factory Tech Lab  
  98  6:22  Refinery, SCV  
  98  6:23  Refinery, SCV  
  100  6:26  SCV  
  100  6:27  Supply Depot x2  
  100  6:30  Hellion x2  
  105  6:34  SCV  
  105  6:35  SCV  
  105  6:37  Supply Depot  
  105  6:38  SCV, Supply Depot  
  107  6:41  Orbital Command  
  107  6:46  SCV  
  106  6:48  Cyclone x2  
  106  6:50  SCV  
  97  7:03  SCV x2  
  96  7:09  SCV, Hellion x2  
  101  7:15  SCV  
  101  7:16  Factory  
  101  7:17  SCV  
  101  7:18  Factory  
  101  7:20  Cyclone  
  101  7:21  SCV  
  101  7:22  Mag-Field Accelerator, Cyclone  
  110  7:24  Infernal Pre-Igniter  
  110  7:28  SCV  
  110  7:29  Refinery  
  112  7:30  SCV  
  112  7:33  Supply Depot  
  112  7:35  Terran Vehicle And Ship Armor Level 2, Supply Depot  
  112  7:38  Supply Depot  
  112  7:42  SCV x2  
  112  7:43  SCV  
  115  7:45  Hellion x2  
  117  7:54  Engineering Bay, SCV  
  117  7:55  SCV x2  
  126  8:02  Siege Tank x2  
  126  8:03  Siege Tank  
  126  8:04  Factory Tech Lab  
  129  8:07  SCV x2  
  129  8:11  Supply Depot  
  129  8:12  Command Center  
  131  8:14  Hellion  
  131  8:15  Hellion  
  133  8:24  SCV x2, Supply Depot  
  133  8:25  SCV  
  133  8:26  Cyclone  
  139  8:34  Medivac, Cyclone x2  
  145  8:35  Hellion x2  
  145  8:37  Medivac  
  155  8:45  Supply Depot  
  155  8:47  Supply Depot  
  153  8:49  Missile Turret  
  150  8:58  Hellion x2  
  150  9:00  Cyclone x2  
  160  9:06  Cyclone x2  
  164  9:15  Supply Depot x2  
  164  9:23  Liberator, Hellion x2  
  161  9:32  Cyclone x2  
  161  9:33  Liberator  
  161  9:38  Cyclone x2  
  167  9:44  Hellion x2  
  170  10:04  Hellion x2  
  170  10:05  Hellion x2  
  170  10:06  Liberator  
  169  10:10  Hellion x2  
  132  10:25  Cyclone  
  132  10:26  Cyclone  
  132  10:27  Hellion x2  
  137  10:31  Cyclone  
  137  10:32  Hellion  
  137  10:33  Planetary Fortress  
  142  10:45  Refinery x2  
  142  10:48  Hellion x2  
  141  10:53  Cyclone  
  129  10:58  Liberator, Hellion x2  
  129  11:00  Liberator  
  129  11:04  Hellion  
  122  11:09  Hellion  
  122  11:10  Hellion  
  121  11:19  Orbital Command, Cyclone  
  121  11:21  Factory  
  121  11:22  Factory  
  121  11:25  Cyclone x2  
  128  11:26  Hellion  
  128  11:31  Hellion  
  131  11:35  Hellion  
  109  11:47  Cyclone  
  109  11:51  Hellion  
  109  11:52  Hellion  
  92  11:56  Hellion  
  92  11:57  Cyclone x2  
  75  12:12  Cyclone  
  75  12:14  Hellion  
  80  12:17  Hellion  
  80  12:19  Cyclone  
  83  12:23  Factory Tech Lab  
  83  12:24  Factory Tech Lab  
  83  12:28  Terran Vehicle Weapons Level 1  
  83  12:29  Hellion  
  87  12:30  Hellion  
  87  12:35  Hellion  
  80  12:45  Cyclone  
  80  12:46  Orbital Command  
  80  12:51  Hellion  
  82  13:17  Cyclone  
  73  13:29  Cyclone  
  73  13:33  Cyclone  
  79  13:37  Cyclone  
  79  13:40  Cyclone  
  85  13:45  Cyclone  
  85  13:48  Hellion  
  90  13:49  SCV  
  90  13:50  SCV  
Show
View Real Time Build Order
Export as new Build Order

Reynor Zerg - Winner!

Build Orders: Hatch First, Swarm Host 

Get SALT Encoding   

  12  0:00  Drone  
  13  0:12  Overlord  
  13  0:17  Drone  
  14  0:30  Drone x2  
  16  0:48  Hatchery  
  15  0:51  Drone  
  15  0:55  Drone  
  17  0:58  Drone  
  18  1:08  Extractor  
  17  1:13  Spawning Pool  
  17  1:17  Drone  
  17  1:20  Drone  
  18  1:28  Drone  
  19  1:39  Drone  
  20  1:50  Drone  
  21  2:00  Zergling x2  
  21  2:01  Queen x2, Zergling x2  
  27  2:17  Hatchery  
  27  2:22  Overlord  
  26  2:25  Drone  
  27  2:32  Extractor  
  27  2:33  Drone x2  
  29  2:43  Drone x3  
  32  2:47  Metabolic Boost  
  32  2:53  Queen  
  32  2:56  Drone  
  35  3:01  Overlord  
  35  3:04  Drone  
  36  3:13  Overlord  
  36  3:19  Drone x2  
  38  3:20  Drone x3  
  38  3:24  Queen  
  38  3:26  Zergling x2  
  44  3:31  Drone x2  
  46  3:35  Zergling x2  
  46  3:39  Drone  
  46  3:40  Drone  
  49  3:43  Drone x2  
  49  3:44  Drone  
  49  3:45  Overlord  
  52  3:51  Zergling x4  
  54  3:56  Queen, Drone  
  54  4:02  Zergling x2  
  58  4:03  Drone x2  
  58  4:05  Drone x2  
  58  4:09  Overlord  
  62  4:19  Overlord  
  62  4:23  Evolution Chamber  
  62  4:24  Evolution Chamber  
  60  4:26  Spore Crawler  
  60  4:27  Spore Crawler, Drone  
  60  4:28  Zergling x4  
  60  4:29  Zergling x2  
  60  4:30  Drone x2  
  64  4:31  Drone x2  
  66  4:40  Drone x3  
  66  4:41  Drone x3  
  66  4:44  Overlord  
  71  4:50  Zerg Ground Armor Level 1, Zerg Melee Weapons Level 1  
  71  4:51  Spore Crawler  
  70  4:53  Drone  
  70  4:57  Drone x2  
  70  4:58  Overlord  
  73  5:02  Zergling x6  
  73  5:06  Zergling x8  
  79  5:10  Drone x2  
  79  5:12  Extractor  
  81  5:14  Extractor, Drone  
  81  5:15  Drone  
  81  5:16  Queen  
  81  5:20  Lair  
  83  5:22  Drone x2  
  83  5:24  Drone x2  
  83  5:25  Extractor  
  83  5:26  Drone  
  83  5:27  Drone  
  88  5:30  Zergling x2  
  88  5:31  Zergling x4  
  88  5:34  Drone  
  88  5:35  Overlord  
  89  5:39  Baneling Nest  
  89  5:42  Zergling x2  
  89  5:45  Overlord  
  89  5:51  Zergling x2  
  89  5:55  Zergling x16  
  89  5:56  Zergling x2  
  98  5:58  Overlord  
  98  6:06  Drone x2  
  98  6:08  Drone x2  
  98  6:10  Roach Warren  
  101  6:12  Drone x3  
  101  6:14  Drone  
  105  6:21  Queen  
  105  6:22  Hatchery  
  105  6:23  Zergling x6  
  105  6:24  Zergling x10  
  114  6:28  Extractor  
  114  6:29  Overlord  
  113  6:37  Overlord  
  113  6:41  Queen  
  113  6:42  Extractor, Overlord  
  114  6:47  Overlord  
  114  6:48  Drone x2  
  96  7:05  Overseer, Roach x2  
  96  7:06  Roach x6  
  108  7:10  Infestation Pit  
  108  7:11  Roach  
  108  7:16  Overseer  
  108  7:17  Hatchery  
  108  7:18  Drone x3  
  108  7:19  Zerg Missile Weapons Level 1, Zerg Ground Armor Level 2  
  108  7:22  Roach x3  
  116  7:23  Drone  
  116  7:29  Roach  
  119  7:32  Drone  
  119  7:34  Overlord  
  119  7:50  Swarm Host x9  
  144  7:52  Zergling x2  
  144  7:53  Zergling x6  
  144  7:57  Zergling x2  
  148  8:05  Overlord x2  
  151  8:08  Spore Crawler  
  150  8:13  Glial Reconstitution  
  150  8:16  Overlord x2  
  150  8:19  Roach  
  152  8:22  Roach x2  
  152  8:24  Roach x2, Overlord  
  157  8:28  Roach  
  157  8:30  Ravager x3  
  157  8:31  Roach x2  
  157  8:33  Overlord x2  
  166  8:35  Roach x3  
  166  8:36  Roach x2  
  166  8:40  Roach x2  
  180  8:44  Roach x2  
  184  8:55  Roach x4  
  192  8:59  Ravager x3  
  192  9:02  Roach x2  
  198  9:04  Extractor  
  198  9:05  Zergling x6  
  198  9:06  Zergling x4  
  195  9:14  Roach x2  
  199  9:24  Overlord  
  199  9:27  Hive  
  193  9:32  Swarm Host x3  
  197  9:43  Swarm Host  
  197  9:44  Queen  
  199  9:51  Roach x4  
  199  9:52  Roach  
  199  9:58  Roach  
  194  10:09  Roach x5  
  194  10:14  Roach x3  
  194  10:15  Roach x3  
  194  10:20  Roach x6  
  199  10:24  Roach x2  
  193  10:28  Roach x3  
  194  10:45  Ravager x2  
  194  10:48  Roach x4  
  200  10:53  Roach  
  200  10:59  Roach x4  
  200  11:00  Roach  
  199  11:05  Roach  
  199  11:06  Roach  
  191  11:11  Ravager x3  
  191  11:12  Zerg Missile Weapons Level 2  
  191  11:13  Zerg Ground Armor Level 3  
  191  11:18  Extractor  
  193  11:20  Roach  
  193  11:21  Roach x3  
  181  11:41  Roach  
  181  11:42  Roach x9  
  190  11:56  Roach x6  
  181  12:09  Viper x3  
  181  12:11  Roach x2  
  181  12:12  Roach x2, Hatchery  
  193  12:16  Roach x3  
  193  12:22  Zergling x6  
  196  12:23  Zergling x8  
  196  12:29  Roach  
  200  12:33  Roach  
  178  12:53  Drone x2  
  178  12:54  Hydralisk Den, Drone  
  174  12:59  Ravager x2  
  158  13:23  Hydralisk x5  
  158  13:24  Hydralisk x16  
  200  13:39  Extractor  
  199  13:42  Extractor  
  199  13:43  Hydralisk  
  199  13:44  Spine Crawler  
  199  13:45  Spine Crawler  
  198  13:49  Drone x2  
  200  14:14  Spire  

Tags
 
Add a new tag
Caveats
  • Supply blocks, unpowered buildings, or Contaminate may cause inaccurate times.
  • Supply counts are checked every 10 seconds.